 Dungeon Crawl Stone Soup version 0.27-a0-1181-g5f64966fcc (webtiles) character file.

Game seed: 3206644149075337249

432 Sobieck the Spear-Bearer (level 7, 0/55 HPs)
             Began as a Merfolk Gladiator on May 17, 2021.
             Slain by Duvessa
             ... wielding a +0 short sword
              (9 damage)
             ... on level 4 of the Dungeon.
             The game lasted 00:10:29 (4778 turns).

Sobieck the Spear-Bearer (Merfolk Gladiator)        Turns: 4778, Time: 00:10:30

Health: 0/55       AC: 10    Str: 17    XL:     7   Next: 0%
Magic:  7/7        EV: 14    Int:  7    God:
Gold:   183        SH:  0    Dex: 15    Spells: 6/6 levels left

rFire    . . .     SeeInvis .   a - +0 trident {polearm}
rCold    . . .     Faith    .   (no shield)
rNeg     . . .     Spirit   .   t - +0 leather armour
rPois    .         Reflect  .   c - +0 helmet
rElec    .         Harm     .   r - +0 cloak
rCorr    .         Rampage  .   j - +0 pair of gloves
Will     .....                  (no boots)
Stlth    +.........             (no amulet)
HPRegen  0.18/turn              w - +4 ring of protection
MPRegen  0.10/turn              (no ring)

@: very slightly contaminated, hasted, invisible, very quick
A: (nimble swimmer 2), mertail
a: no special abilities


You were on level 4 of the Dungeon.
You visited 1 branch of the dungeon, and saw 6 of its levels.

You collected 183 gold pieces.


Innate Abilities, Weirdness & Mutations

((You are quick and stealthy near water. (Stealth+, EV+, Speed+++)))
Your lower body shifts to a powerful aquatic tail in water.


   Skills:
 + Level 4.3 Fighting
 * Level 8.3 Polearms
 - Level 2.0 Throwing
 + Level 6.1 Dodging


You had 6 spell levels left.
You didn't know any spells.
Your spell library contained the following spells:

 Spells                   Type           Power      Damage    Failure   Level
 Freeze                   Ice            0%         1d3       50%         1
 Frozen Ramparts          Ice            0%         1d2       86%         3
 Ozocubu's Armour         Ice            0%         N/A       86%         3
 Hailstorm                Conj/Ice       0%         3d3       99%         4
 Metabolic Englaciation   Hex/Ice        0%         N/A       100%        5

Inventory:

Hand Weapons
 a - a +0 trident (weapon) {polearm}
 b - a +0 hunting sling {sling}
   (You took it off a goblin on level 3 of the Dungeon)
 i - a +1 mace of venom {mace}
   (You found it on level 1 of the Dungeon)
 k - a +1 vorpal falchion {long}
   (You took it off an orc on level 3 of the Dungeon)
 l - a +0 dagger of draining {short}
   (You took it off a goblin on level 3 of the Dungeon)
 q - a +4 quarterstaff of chaos {staff}
   (You took it off Crazy Yiuf on level 2 of the Dungeon)
Missiles
 d - 3 throwing nets {=f!fthrowing}
 e - 110 stones (quivered) {throwing}
 h - 70 arrows
 u - 3 boomerangs {throwing}
Armour
 c - a +0 helmet (worn)
 j - a +0 pair of gloves (worn)
   (You found it on level 3 of the Dungeon)
 m - a +2 robe of willpower
   (You took it off Jessica on level 2 of the Dungeon)
 r - a +0 cloak (worn)
   (You took it off Crazy Yiuf on level 2 of the Dungeon)
 t - a +0 leather armour (worn)
Jewellery
 w - a +4 ring of protection (left hand)
   (You found it on level 3 of the Dungeon)
Scrolls
 n - 3 scrolls of identify {unknown}
 o - a scroll of noise {unknown}
 p - a scroll of teleportation {@r4}
 s - a scroll of vulnerability {unknown}
 v - a scroll of fog {unknown}
 x - a scroll of blinking {unknown}
 y - a scroll of immolation {!r!r}
Potions
 g - a potion of curing {@q1}

Dungeon Overview and Level Annotations

Branches:
Dungeon (6/15)
 Temple: D:4-7

Altars:

Shops:
D:1 *   D:3 **

Annotations:
D:4 Duvessa
D:5 exclusion: downstairs
D:6 Menkaure

#....# . #....## ...
#.....########### '8.##
#.....##>........ #....
#......#......... #....
#....#.#....<....
#....###....#.#.........
#......e#####.#.........
'8..#...@......#......... .
###.######.#......... #...##
#...........
###..#####......... #
##.....#.........
e..)###############....###..##
#............# ##.#># ##..#
##########...# #..[# ##.#
#...## ##..# #..


You could see Duvessa (berserk).


Message History

Dowan closely misses you.
You closely miss Dowan. Dowan barely misses you. 😮 HP[+1]
You miss Dowan. Dowan hits you but does no damage.
You barely miss Dowan. Dowan hits you but does no damage.
You puncture Dowan! Dowan misses you.
You puncture Dowan!
You kill Dowan!
You hear a distant scream of rage.
Your Dodging skill increases to level 6!
You have reached level 7! 😮 HP[+5] MP[+1]
You now have 55 max hp (+7).
You regained 5 hp, and now have 40/55 hp.
Your mp is fully restored (7). 😮 HP[+1]
There is a stone staircase leading down here.
You start resting. 😎 HP[+14]
Your hp is fully restored (55).
You climb downwards.
Level annotation: exclusion: downstairs
There is a stone staircase leading up, spattered with blood here.
g - 2 potions of curing {@q1} (gained 1)
You see here an iguana skeleton.
You now have 154 gold pieces (gained 17).
You now have 162 gold pieces (gained 8).
y - a scroll of immolation {!r!r}
(D) Dungeon
Where to? (Enter - D:4, ? - help)
There is a stone staircase leading up, spattered with blood here.
You climb upwards.
Level annotation: Duvessa
There is a stone staircase leading down here.
Things that are here:
a +0 robe; a +0 dagger {short}; the elf corpse of Dowan
Things that are here:
a +0 robe; a +0 dagger {short}; the elf corpse of Dowan
There is a stone staircase leading down here.
You now have 172 gold pieces (gained 10).
You now have 183 gold pieces (gained 11).
e - 110 stones {throwing} (gained 15) Duvessa is nearby!
Duvessa shouts!
Duvessa goes berserk!
You feel yourself speed up. Duvessa hits you but does no damage.
Sorry, you're not good enough to have a special ability.
Unknown command.
You fade into invisibility!
Duvessa hits you but does no damage.
You are very lightly contaminated with residual magic.
You hit Duvessa but do no damage. Duvessa barely misses you.
You hit Duvessa but do no damage. Duvessa hits you but does no damage.
You hit Duvessa but do no damage. Duvessa barely misses you.
You closely miss Duvessa.
Duvessa hits you with a +0 short sword! 😕 HP[-8]
You take 8 damage, and now have 47/55 hp.
You closely miss Duvessa.
Duvessa hits you with a +0 short sword! 😮 HP[-11]
You take 11 damage, and now have 36/55 hp.
You barely miss Duvessa.
Duvessa hits you with a +0 short sword. 😮 HP[-6]
You take 6 damage, and now have 30/55 hp.
You are too injured to fight recklessly!
You closely miss Duvessa. You hit Duvessa but do no damage.
Duvessa hits you with a +0 short sword!
* * * LOW HITPOINT WARNING * * *
😨 HP[-14]
You take 14 damage, and now have 16/55 hp.
MASSIVE DAMAGE!! (PAUSE)
You strike the helpless Duvessa from behind!
You puncture Duvessa!
Duvessa rages.
Duvessa hits you with a +0 short sword!
* * * LOW HITPOINT WARNING * * *
😱 HP[-7]
You take 7 damage, and now have 9/55 hp.
You puncture Duvessa! Duvessa closely misses you.
You hit Duvessa. Duvessa closely misses you.
You hit Duvessa. Duvessa misses you.
You hit Duvessa. Duvessa closely misses you.
You catch the helpless Duvessa completely off-guard!
You hit Duvessa. Duvessa closely misses you.
You strike the helpless Duvessa from behind!
You hit Duvessa but do no damage. Duvessa misses you.
You closely miss Duvessa. You closely miss Duvessa. Duvessa barely misses you.
You barely miss Duvessa. Duvessa barely misses you. 😱 HP[+1]
You puncture Duvessa! Duvessa hits you but does no damage.
You hit Duvessa but do no damage. Duvessa barely misses you.
You feel better. Duvessa misses you. 😨 HP[+10]
You regained 10 hp, and now have 20/55 hp.
You barely miss Duvessa. Duvessa hits you with a +0 short sword!
* * * LOW HITPOINT WARNING * * *
😱 HP[-11]
You take 11 damage, and now have 9/55 hp.
You hit Duvessa but do no damage. Duvessa hits you with a +0 short sword!
You die...

Skill      XL: |  1  2  3  4  5  6 |
---------------+-------------------+-----
Polearms       | 5 6 7 8 |  8.3
Fighting       | 3 4 |  4.3
Dodging        | 5 6 |  6.1
Throwing       | |  2.0

Action                   |  1- 3 |  4- 6 |  7- 9 || total
-------------------------+-------+-------+-------++-------
Melee: Trident           |   100 |   228 |    22 ||   350
       Tailslap          |       |     4 |       ||     4
Throw: Stone             |       |     5 |       ||     5
  Use: Scroll            |     2 |     2 |       ||     4
       Potion            |     1 |       |     3 ||     4
 Stab: Sleeping          |     2 |     1 |       ||     3
       Invisible         |       |       |     3 ||     3
Armor: Leather armour    |    32 |    45 |     4 ||    81
Dodge: Dodged            |    76 |   103 |    12 ||   191

Levels and vault maps discovered:
D:1:      saegor_arrival_simple_a, layout_loops_cross, serial_shops,
          nicolae_shop_trees
D:2:      kennysheep_big_flooded_room, layout_basic,
          ebering_ecumenical_altar_webs, serial_curves, eino_curves_02,
          eino_curves_03, uniq_natasha, uniq_jessica, uniq_crazy_yiuf_cottage
D:3:      layout_basic, serial_shops, shop, nicolae_shop_overgrown_old_shop,
          chequers_serial_rivers_marsh, minmay_liquid_box, minmay_misc_feat_chi,
          minmay_misc_feat_roman, minmay_misc_feat_columns, uniq_robin,
          uniq_terence
D:4:      layout_rooms, jmf_multi_god_temple2, uniq_duvessa
D:5:      layout_basic
D:6:      layout_rooms, lemuel_doored_altar, uniq_pikel, uniq_menkaure

Notes
Turn   | Place    | Note
-------+----------+-------------------------------------------
     0 | D:1      | Sobieck the Merfolk Gladiator began the quest for the Orb.
     0 | D:1      | Reached XP level 1. HP: 16/16 MP: 1/1
     0 | D:1      | magus.rc [v1.9.6]
   160 | D:1      | Reached XP level 2. HP: 17/23 MP: 2/2
   313 | D:1      | Reached skill level 5 in Polearms
   320 | D:1      | Found Jeova's Assorted Antiques.
   415 | D:1      | Reached XP level 3. HP: 25/28 MP: 3/3
   922 | D:2      | Found a faded altar of an unknown god.
   926 | D:2      | Noticed Natasha
   959 | D:2      | Killed Natasha
   960 | D:2      | Reached skill level 3 in Fighting
   960 | D:2      | Reached XP level 4. HP: 32/35 MP: 4/4
  1198 | D:3      | Reached skill level 6 in Polearms
  1253 | D:2      | You fall into a shaft and drop 2 floors!
  1280 | D:5      | Entered Level 5 of the Dungeon
  1756 | D:6      | Noticed Menkaure
  1756 | D:6      | Noticed a scorpion
  1767 | D:5      | Reached skill level 5 in Dodging
  1767 | D:5      | Reached XP level 5. HP: 15/41 MP: 5/5
  2060 | D:3      | Noticed Terence
  2090 | D:3      | Killed Terence
  2160 | D:3      | Noticed Robin
  2180 | D:3      | HP: 9/39 [Robin/+0 spear (4)]
  2181 | D:3      | Killed Robin
  2426 | D:3      | You fall into a shaft and drop 1 floor!
  2465 | D:2      | Noticed Jessica
  2534 | D:2      | Reached skill level 7 in Polearms
  2643 | D:2      | Noticed Natasha
  2665 | D:2      | Killed Natasha
  2666 | D:2      | Reached XP level 6. HP: 33/48 MP: 6/6
  2769 | D:2      | Killed Jessica
  2804 | D:2      | Noticed Natasha
  2971 | D:2      | Killed Natasha
  2972 | D:2      | Reached skill level 4 in Fighting
  3140 | D:2      | You pick up a book of Frost and begin reading...
  3140 | D:2      | You add the spells Freeze, Frozen Ramparts, Ozocubu's
                  | Armour, Hailstorm and Metabolic Englaciation to your
                  | library.
  3273 | D:2      | Found a runed translucent door.
  3274 | D:2      | Noticed Crazy Yiuf
  3482 | D:2      | HP: 10/48 [Crazy Yiuf/+4 quarterstaff of chaos (8)]
  3482 | D:2      | HP: 1/48 [Crazy Yiuf/+4 quarterstaff of chaos (9)]
  3483 | D:2      | Killed Crazy Yiuf
  3892 | D:3      | Found Nygai's General Store.
  4008 | D:3      | Found Azxar's Assorted Antiques.
  4364 | D:4      | Noticed Dowan
  4365 | D:4      | Noticed Duvessa
  4405 | D:4      | Reached skill level 8 in Polearms
  4414 | D:4      | Killed Dowan
  4415 | D:4      | Reached skill level 6 in Dodging
  4415 | D:4      | Reached XP level 7. HP: 40/55 MP: 7/7
  4764 | D:4      | HP: 9/55 [Duvessa/+0 short sword (8)]
  4777 | D:4      | HP: 9/55 [Duvessa/+0 short sword (11)]
  4778 | D:4      | Slain by Duvessa

Vanquished Creatures
  A water moccasin skeleton (D:4)
  Dowan (D:4)
  Crazy Yiuf (D:2)
  Jessica (D:2)
  An iguana (D:5)
  Terence (D:3)
  Natasha (thrice) (D:2)
  Robin (D:3)
  2 adders (D:2)
  4 worms
  3 dart slugs
  16 orcs
  8 ball pythons
  2 endoplasms
  2 giant cockroaches
  12 goblins
  8 hobgoblins
  16 jackals
  2 kobolds
  2 quokkas
  6 bats
  A frilled lizard (D:3)
  6 rats
100 creatures vanquished.

Vanquished Creatures (others)
  2 plants (D:3)
2 creatures vanquished.

Grand Total: 102 creatures vanquished

Table legend:
 A = Non-vault XP
 B = Vault XP
 C = Vault XP percentage of total XP
 D = Non-vault monster count
 E = Vault monster count
 F = Vault count percentage of total count
                 A         B        C        D         E       F
            +---------+---------+-------+---------+---------+-------
      Total |     369 |     249 |  40.3 |      82 |      18 |  18.0
            +---------+---------+-------+---------+---------+-------
        D:1 |      44 |       0 |   0.0 |      25 |       0 |   0.0
        D:2 |     141 |     113 |  44.5 |      23 |       5 |  17.9
        D:3 |      48 |      69 |  59.0 |      20 |      12 |  37.5
        D:4 |      84 |      67 |  44.4 |       8 |       1 |  11.1
        D:5 |      52 |       0 |   0.0 |       6 |       0 |   0.0
            +---------+---------+-------+---------+---------+-------

Illustrated notes

Table legend:
 A = Kills in this place as a percentage of kills in entire the game.
 B = Kills by you in this place as a percentage of kills by you in the entire game.
 C = Kills by friends in this place as a percentage of kills by friends in the entire game.
 D = Other kills in this place as a percentage of other kills in the entire game.
 E = Experience gained in this place as a percentage of experience gained in the entire game.
 F = Experience gained in this place divided by the number of levels of this place that you have seen.
                   A       B       C       D       E      F
               +-------+-------+-------+-------+-------+----------------------
         Total | 100.0 | 100.0 |   N/A |   N/A | 100.0 | 103.0
       Dungeon | 100.0 | 100.0 |   N/A |   N/A | 100.0 | 103.0
               +-------+-------+-------+-------+-------+----------------------

Table legend: (Time is in decaauts)
 A = Elapsed time spent in this place.
 B = Non-inter-level travel time spent in this place.
 C = Inter-level travel time spent in this place.
 D = Time resting spent in this place.
 E = Time spent auto-exploring this place.
 F = Levels seen in this place.
 G = Mean time per level.
                   A        B        C        D        E       F      G
               +--------+--------+--------+--------+--------+-----+--------+
         Total |   4773 |   4439 |    334 |   1329 |   2294 |   6 |  795.5 |
       Dungeon |   4773 |   4439 |    334 |   1329 |   2294 |   6 |  795.5 |
               +--------+--------+--------+--------+--------+-----+--------+

Top non-repeatable levels by time:
     D:2: 1590 daAuts
     D:3: 1344 daAuts
     D:1: 820 daAuts
     D:4: 705 daAuts
     D:5: 311 daAuts
     D:6: 1 daAuts
